[Event "Early-Titled-Tuesday-Blitz-February-06-2024"]
[Site "Chess.com"]
[Date "2024.02.06"]
[Round "2"]
[White "Vazabanga"]
[Black "AnishOnYoutube"]
[Result "0-1"]
[WhiteElo "2641"]
[BlackElo "2995"]
[TimeControl "180+1"]
[EndTime "8:17:54 PST"]
[Termination "AnishOnYoutube won by resignation"]

1. d4 g6 2. c4 Bg7 3. Nf3 d6 4. g3 Nf6 5. Bg2 Bf5 6. O-O O-O 7. Nc3 Ne4 8. Nd5 c6 9. Ne3 Be6 10. b3 f5 11. Bb2 Nd7 12. Qc2 Ndf6 13. Rad1 Rc8 14.
Nd2 d5 15. Nf3 Bh6 16. Ne5 f4 17. gxf4 Bxf4 18. h3 Bxe3 19. fxe3 Bf5 20. Rxf5 gxf5 21. Rf1 e6 22. Ba3 Re8 23. Kh2 Rc7 24. Bf3 Rg7 25.
Bb4 Nd7 26. Bxe4 Nxe5 27. Bh1 Qg5 28. Be1 Qxe3 29. Bg2 Nd7 30. cxd5 cxd5 31. Qc7 Nf6 32. Qd6 Ne4 33. Qe5 Qg5 34. Bf3 Qf6 35. Qf4 Qxd4 36.
Bh4 Qd2 37. Qe5 Qh6 38. Be1 Qf6 39. Qf4 e5 40. Qc1 Qe6 41. Bb4 b6 42. Ba3 Ng5 43.
Bg2 f4 44. Bb2 Ne4 45. Qc2 Rxg2+ 46. Kxg2 Qg6+ 47. Kh1 Ng3+ 48. Kg2 Qxc2 0-1

[Event "Early-Titled-Tuesday-Blitz-February-06-2024"]
[Site "Chess.com"]
[Date "2024.02.06"]
[Round "2"]
[White "AlmasRakhmatullaev"]
[Black "JeFumeDesClopes"]
[Result "1-0"]
[WhiteElo "2893"]
[BlackElo "2602"]
[TimeControl "180+1"]
[EndTime "8:17:54 PST"]
[Termination "AlmasRakhmatullaev won by checkmate"]

1. e4 g6 2. d4 Bg7 3. Nc3 d6 4.
Be3 a6 5. f3 b5 6. Qd2 Nd7 7. h4 h5 8. Nh3 Bb7 9. Ng5 c5 10. O-O-O cxd4 11. Bxd4 Ngf6 12. Kb1 Rc8 13. Ne2 Nb6 14. Nf4 Nc4 15. Bxc4 Rxc4 16. Nfe6 fxe6 17.
Nxe6 Qd7 18. Nxg7+ Kf7 19. g4 hxg4 20. h5 Kxg7 21.
Qg5 Qe8 22. e5 dxe5 23. Bxe5 Bxf3 24. Rdf1 Re4 25. Rh4 Qf7 26. b3 Rxe5 27. Qxe5 Rxh5 28. Qh2 Rxh4 29. Qxh4 Qd5 30. Re1 e6 31. Qg3 Be4 32.
Qc7+ Kh6 33. Qf4+ Qg5 34. Qh2+ Kg7 35. Qc7+ Kh6 36. Qh2+ Kg7 37. Qc7+ Kf8 38. Rd1 Ne8 39. Qh7 Qf6 40. Rd7 Bf5 41. Qh6+ Ng7 42. Qh8# 1-0

[Event "Early-Titled-Tuesday-Blitz-February-06-2024"]
[Site "Chess.com"]
[Date "2024.02.06"]
[Round "2"]
[White "Qingdom"]
[Black "epiclord678"]
[Result "1/2-1/2"]
[WhiteElo "2068"]
[BlackElo "2410"]
[TimeControl "180+1"]
[EndTime "8:17:54 PST"]
[Termination "Game drawn by agreement"]

1. d4 Nf6 2. Bg5 d5 3. e3 c5 4.
Nf3 Nc6 5. c3 e6 6. Nbd2 Be7 7.
Bd3 h6 8. Bh4 O-O 9. O-O b6 10.
Qe2 Bb7 11. Ne5 Nxe5 12. dxe5 Nd7 13. Bxe7 Qxe7 14. f4 Rad8 15. Rfd1 f6 16. exf6 Nxf6 17. e4 dxe4 18. Nxe4 Nd5 19. g3 e5 20. fxe5 Qxe5 21.
Bc4 Kh8 22. Rd2 Rde8 23. Re1 Nc7 24. Bd3 Ne6 25. Nf2 Qb8 26. Be4 Bxe4 27. Qxe4 Nd4 28. cxd4 Rxe4 29. Nxe4 cxd4 30. Rxd4 Rd8 31. Rxd8+ Qxd8 32. Re2 Qd4+ 33. Kg2 Kh7 34. a3 Kg6 35. h3 a5 36. g4 a4 37. Nc3 Qc4 38. Kf2 b5 39. Re4 Qd3 40. Re3 Qc2+ 41. Re2 Qb3 42. Kf3 b4 43. axb4 a3 44. bxa3 Qxc3+ 45. Re3 Qc6+ 46. Kg3 Qa4 47. Rf3 Kh7 48. h4 g6 49. Kh3 Kg7 50.
Kg3 g5 51. hxg5 hxg5 52. Kh3 Kg6 53. Kg3 Qb5 54. Kh3 Qb7 55. Kg3 Qb5 56. Kg2 Qd5 57. Kg3 Qa2 58. Kh3 Qa1 59. Kg3 Qg1+ 60. Kh3 Qh1+ 61.
Kg3 Qa1 62. Kh3 Qa2 63. Kg3 Qc4 64. Kh3 Qc6 65. Kg3 Qa4 66. Kh3 Qb5 67. Kg3 1/2-1/2

[Event "Early-Titled-Tuesday-Blitz-February-06-2024"]
[Site "Chess.com"]
[Date "2024.02.06"]
[Round "2"]
[White "Willhaven3"]
[Black "BillieKimbah"]
[Result "0-1"]
[WhiteElo "2624"]
[BlackElo "2937"]
[TimeControl "180+1"]
[EndTime "8:17:55 PST"]
[Termination "BillieKimbah won on time"]

1. d4 Nf6 2. Nf3 e6 3. c4 Bb4+ 4. Bd2 a5 5. a3 Be7 6. Nc3 O-O 7. Bf4 d6 8. e3 Nh5 9. Bg3 Nd7 10. Bd3 h6 11. Qc2 Re8 12. O-O-O c6 13. Kb1 d5 14. e4 dxc4 15. Bxc4 b5 16. Be2 b4 17. Na4 Nxg3 18. hxg3 Rb8 19. axb4 Rxb4 20. Nc3 a4 21. Na2 Rb8 22. Ka1 Qa5 23. Nd2 Nb6 24. Rh5 Qa7 25.
Qc3 Rd8 26. Ra5 Qd7 27. Nf3 Qc7 28. Ne5 Bb7 29. f4 Nc8 30. Rxa4 Nd6 31. Qa5 Qxa5 32.
Rxa5 Nxe4 33. Bf3 Nxg3 34. Bxc6 Rdc8 35. Bxb7 Rxb7 36. Nc3 Bb4 37. Rb5 Ra7+ 38. Kb1 Bxc3 39. bxc3 Ne2 40. Rd3 Nxc3+ 41. Rxc3 Rxc3 42. d5 exd5 43. Rxd5 Rb7+ 44. Ka2 Rc2+ 45. Ka3 Rxg2 46. Rd4 h5 0-1

[Event "Early-Titled-Tuesday-Blitz-February-06-2024"]
[Site "Chess.com"]
[Date "2024.02.06"]
[Round "2"]
[White "Kotlyar_K"]
[Black "BestStelker"]
[Result "0-1"]
[WhiteElo "2457"]
[BlackElo "2711"]
[TimeControl "180+1"]
[EndTime "8:17:55 PST"]
[Termination "BestStelker won by checkmate"]

1. d4 Nf6 2. c4 e6 3. Nc3 Bb4 4. e3 O-O 5. Bd2 d5 6. Nf3 b6 7. cxd5 exd5 8. Bd3 a6 9. O-O Bd6 10. Ne5 c5 11. f4 Bb7 12. Rc1 Nc6 13. Ne2 Ne4 14. Be1 Rc8 15. Ng3 Ne7 16. Nxe4 dxe4 17.
Bc4 b5 18. Bb3 c4 19. Bc2 f6 20. Ng4 Nf5 21. Qe2 Re8 22. Nf2 Bb8 23. Bd2 a5 24.
a4 b4 25. Rfd1 Bd5 26. Qg4 g6 27. Qh3 Qd7 28. Be1 Qe6 29. Ng4 h5 30. Nf2 Nh6 31. Qg3 Kh7 32. Bb1 g5 33. Nh3 Rg8 34. Qf2 Ng4 35. Qe2 Kh8 36. fxg5 fxg5 37. g3 Rcf8 38. Nf2 Rf3 39. Nxg4 Qxg4 40. Bf2 Rgf8 41. Rf1 h4 42. Kg2 Rxg3+ 43. hxg3 Qxe2 44. Rce1 Rxf2+ 45. Kh3 Be6+ 46. g4 Qxg4# 0-1

[Event "Early-Titled-Tuesday-Blitz-February-06-2024"]
[Site "Chess.com"]
[Date "2024.02.06"]
[Round "2"]
[White "NastyaHn"]
[Black "starworld123"]
[Result "0-1"]
[WhiteElo "2388"]
[BlackElo "2823"]
[TimeControl "180+1"]
[EndTime "8:17:55 PST"]
[Termination "starworld123 won by resignation"]

1. Nc3 d5 2. e4 d4 3. Nce2 e5 4.
Nf3 Bd6 5. Ng3 Ne7 6. Bc4 O-O 7. d3 c5 8. a4 Nbc6 9. Bg5 Kh8 10. Bxe7 Nxe7 11. Nh4 g6 12. Qf3 Kg7 13. O-O-O Ng8 14.
Nhf5+ gxf5 15. exf5 Qg5+ 16. Kb1 Nf6 17. Ne4 Nxe4 18.
dxe4 Kh8 19. g3 Bd7 20. h4 Qh6 21. g4 Qf4 22. Qg2 Bxa4 23. g5 Bc6 24. f3 b5 25. Ba2 c4 26. Qe2 Bc5 27. Bxc4 bxc4 28. Qxc4 Qxf3 29. Qxc5 Qxe4 30. f6 Rac8 31. Rhe1 Bb7 32.
Qxf8+ Rxf8 33. Rxe4 Bxe4 34. Re1 Bg6 35. Rxe5 Rc8 36. Kc1 h6 37. Kd1 hxg5 38. hxg5 Bxc2+ 39. Kd2 Bg6 40. Re7 d3 41. Rxa7 Rc2+ 42. Kd1 Bh5+ 43. Ke1 d2+ 44. Kf2 d1=Q+ 0-1

[Event "Early-Titled-Tuesday-Blitz-February-06-2024"]
[Site "Chess.com"]
[Date "2024.02.06"]
[Round "2"]
[White "ilya2700"]
[Black "rhungaski"]
[Result "1-0"]
[WhiteElo "2323"]
[BlackElo "2493"]
[TimeControl "180+1"]
[EndTime "8:17:55 PST"]
[Termination "ilya2700 won by resignation"]

1. d4 g6 2. c4 Bg7 3. e4 d6 4.
Nc3 Nf6 5. f4 O-O 6. Nf3 e5 7.
fxe5 dxe5 8. d5 Nbd7 9. Bd3 a5 10. O-O Qe7 11. Bg5 h6 12. Be3 Ng4 13. Bd2 Qc5+ 14. Kh1 Nf2+ 15. Rxf2 Qxf2 16. Qb1 Nc5 17. Bc2 Na6 18. Qc1 Qc5 19. Bxh6 f6 20. Be3 Qe7 21. Na4 b6 22. c5 Nxc5 23. Nxc5 bxc5 24. Bb3 Qf7 25.
Bxc5 Rd8 26. d6 Be6 27. dxc7 Rdc8 28. Bb6 a4 29. Bxe6 Qxe6 30. Qc5 Ra6 31. Ba5 Bf8 32.
Qc3 Rc6 33. Qd2 Rc5 34. Rd1 Be7 35. Nh4 Kg7 36. Qf2 Rxa5 37. Qg3 Kf7 38. Qxg6+ Kf8 39. Qh6+ Ke8 40. Nf5 Bf8 41. Qg6+ Qf7 42. Rd8+ Rxd8 43. Qxf7+ Kxf7 44.
cxd8=Q 1-0

[Event "Early-Titled-Tuesday-Blitz-February-06-2024"]
[Site "Chess.com"]
[Date "2024.02.06"]
[Round "2"]
[White "Teidi96"]
[Black "Cambek64"]
[Result "1/2-1/2"]
[WhiteElo "2326"]
[BlackElo "2508"]
[TimeControl "180+1"]
[EndTime "8:17:56 PST"]
[Termination "Game drawn - insufficient material"]

1. Nf3 d5 2. b3 Nf6 3. Bb2 Bf5 4. e3 e6 5. Be2 h6 6. O-O a6 7. Ne5 Be7 8. d3 O-O 9. Nd2 c5 10. f4 Nbd7 11. Ndf3 Nxe5 12. Nxe5 Nd7 13. g4 Bh7 14. Nxd7 Qxd7 15. Qe1 f5 16. Qg3 fxg4 17. Bxg4 Bf6 18. Bxf6 Rxf6 19. Kh1 Kh8 20. Rg1 Bf5 21. Bxf5 exf5 22.
Qf3 Re8 23. a4 Rfe6 24. Rae1 Qc6 25. Rg3 d4 26. Qxc6 bxc6 27. Kg2 dxe3 28. Re2 Kg8 29. Kf3 Kf7 30. Rg1 Kf6 31. h4 g6 32. Rge1 g5 33.
hxg5+ hxg5 34. fxg5+ Kxg5 35. Rxe3 Rxe3+ 36. Rxe3 Rxe3+ 37.
Kxe3 Kg4 38. Kf2 a5 39. c3 Kf4 40. Ke2 Kg3 41. b4 cxb4 42. cxb4 axb4 43. a5 b3 44. Kd2 f4 45. a6 f3 46. a7 b2 47.
Kc2 f2 48. a8=Q f1=Q 49. Qg8+ Kf2 50. Qf7+ Ke1 51. Qxf1+ Kxf1 52. Kxb2 Ke2 53. Kc3 c5 54. Kc4 Kd2 55. d4 cxd4 56. Kxd4 1/2-1/2

[Event "Early-Titled-Tuesday-Blitz-February-06-2024"]
[Site "Chess.com"]
[Date "2024.02.06"]
[Round "2"]
[White "EsmeraldasAnderson03"]
[Black "atomicmate123"]
[Result "1-0"]
[WhiteElo "2417"]
[BlackElo "1950"]
[TimeControl "180+1"]
[EndTime "8:17:56 PST"]
[Termination "EsmeraldasAnderson03 won by resignation"]

1. d4 d5 2. c4 e6 3. cxd5 exd5 4. Nc3 Nf6 5. Bg5 c6 6. Qc2 Be7 7. e3 Bg4 8. Bd3 Nbd7 9. Nf3 Bh5 10. O-O Bg6 11. Rab1 O-O 12. b4 Ne4 13. Bxe7 Qxe7 14. b5 Rab8 15. Bxe4 dxe4 16. Nd2 c5 17. dxc5 Nxc5 18.
Nd5 Qd6 19. Nf4 Bf5 20. Nc4 Qe7 21. Rfd1 Rbc8 22. Nd6 Nd3 23. Nxf5 Qf6 24. Nd5 Rxc2 25. Nxf6+ gxf6 26. Rf1 Rxa2 27. Nd6 Kg7 28. Nxe4 Kg6 29.
Rbd1 Ne5 30. Rd6 Kf5 31. f3 Kg6 32. Rxf6+ Kg7 33. Rf5 Nd3 34. Rg5+ Kh6 35. h4 Rc8 36. Nf6 Ra4 37. e4 Ne5 38. Rxe5 Kg6 39. Ng4 f6 40.
Re7 Rc2 41. Ne3 Re2 42. Nd5 Raa2 43. Nf4+ Kh6 44. Nxe2 Rxe2 45. Rd1 1-0

[Event "Early-Titled-Tuesday-Blitz-February-06-2024"]
[Site "Chess.com"]
[Date "2024.02.06"]
[Round "2"]
[White "SaqoChess_Twitch"]
[Black "Tesla37"]
[Result "1-0"]
[WhiteElo "2605"]
[BlackElo "2850"]
[TimeControl "180+1"]
[EndTime "8:17:57 PST"]
[Termination "SaqoChess_Twitch won by resignation"]

1. d4 Nf6 2. c4 g6 3. Nc3 Bg7 4. Nf3 O-O 5. h3 d6 6. Bf4 Nbd7 7. e3 Qe8 8. Bh2 a6 9. Be2 e5 10. dxe5 dxe5 11. Qc2 Qe7 12. O-O Re8 13. Nd5 Nxd5 14.
cxd5 e4 15. Nd4 Nb6 16. Qxc7 Qxc7 17. Bxc7 Nxd5 18. Bh2 Bxd4 19. exd4 Be6 20. Rac1 Rac8 21.
a3 f6 22. Rc5 b6 23. Rxc8 Rxc8 24. Bxa6 Rc2 25. Re1 f5 26. f3 e3 27. Bb7 Rxb2 28. Bxd5 Bxd5 29. Rxe3 Kf7 30. Bf4 h5 31. h4 Bc4 32.
Bg5 Rb1+ 33. Kh2 Rb2 34. Re7+ Kf8 35. Kg3 Bf1 36. Rb7 Rxg2+ 37. Kf4 Rb2 38. d5 Ba6 39. Ra7 Bb5 40. Ke5 Re2+ 41. Kf6 Ke8 42. d6 Rf2 43. d7+ Bxd7 44. Ra8+ Bc8 45. Rxc8+ Kd7 46.
Rc3 b5 47. Kxg6 1-0

[Event "Early-Titled-Tuesday-Blitz-February-06-2024"]
[Site "Chess.com"]
[Date "2024.02.06"]
[Round "2"]
[White "jacky72"]
[Black "TokChess"]
[Result "1/2-1/2"]
[WhiteElo "2824"]
[BlackElo "2579"]
[TimeControl "180+1"]
[EndTime "8:17:57 PST"]
[Termination "Game drawn by repetition"]

1. Nc3 d5 2. d4 c6 3. Bf4 Bf5 4.
e3 Nf6 5. Bd3 Bg6 6. Nf3 Nbd7 7.
O-O e6 8. Qe2 Be7 9. e4 dxe4 10.
Nxe4 Nxe4 11. Bxe4 Nf6 12. Bxg6 hxg6 13. Rad1 O-O 14.
Rfe1 a5 15. c3 a4 16. a3 Qd5 17. Qd3 Rfd8 18. Be5 b5 19. Qe3 Qb3 20. Rd2 Rd5 21. Ng5 Ng4 22. Qf4 Bxg5 23. Qxg5 Nxe5 24. dxe5 Rxd2 25. Qxd2 Qd5 26. Qxd5 exd5 27. f4 Kf8 28.
Kf2 Ke7 29. g4 Rh8 30. Kg3 Ke6 31. h4 c5 32. Rd1 Rb8 33. h5 gxh5 34. gxh5 b4 35.
cxb4 cxb4 36. Kg4 bxa3 37. bxa3 Rb3 38. Rc1 Rxa3 39. Rc6+ Ke7 40. Rc7+ Ke6 41. Rc6+ Ke7 42. Kf5 Rh3 43. Kg4 Rh1 44. Ra6 Ra1 45. Rd6 Rd1 46.
Ra6 Ra1 47. Kf5 Rh1 48. Ra7+ Ke8 49. Kg4 Rg1+ 50. Kf5 Rh1 51. Rxa4 Rxh5+ 52. Kg4 Rh1 53. Rd4 g6 54. Rxd5 Rg1+ 55. Kf3 Ke7 56. Rd6 Rf1+ 57.
Kg3 Rg1+ 58. Kf2 Rg4 59. Kf3 Rg1 60. Ra6 Rf1+ 61. Kg3 Rg1+ 62. Kf2 Rg4 63. Kf3 Rg1 64. Ra7+ Ke6 65. Ra6+ Ke7 66. Kf2 Rg4 67. Kf3 Rg1 1/2-1/2

[Event "Early-Titled-Tuesday-Blitz-February-06-2024"]
[Site "Chess.com"]
[Date "2024.02.06"]
[Round "2"]
[White "BeautiFullMindChess"]
[Black "malakismayil"]
[Result "0-1"]
[WhiteElo "2282"]
[BlackElo "2503"]
[TimeControl "180+1"]
[EndTime "8:17:57 PST"]
[Termination "malakismayil won by resignation"]

1. e4 e5 2. Nf3 Nc6 3. Nc3 Nf6 4. Bb5 a6 5. Bxc6 dxc6 6. Nxe5 Bb4 7. d3 Qd4 8. Nf3 Bxc3+ 9. bxc3 Qxc3+ 10. Bd2 Qc5 11.
Rb1 a5 12. h3 O-O 13. O-O b5 14. Bf4 Be6 15. Ra1 Rfd8 16. Bg5 Nxe4 17. Bxd8 Rxd8 18.
Qe1 Nc3 19. a3 Nd5 20. Qd2 a4 21. Ng5 Bf5 22. Rfe1 h6 23. Ne4 Qd4 24. Ng3 Bg6 25.
Rab1 Qf6 26. c4 Nf4 27. cxb5 Rxd3 28. Qb4 Rd4 29. Re8+ Kh7 30. Qf8 Bxb1 31. Qg8+ Kg6 32. h4 Nh5 33. Nxh5 Kxh5 34. Re3 Rd1+ 35. Kh2 Qxf2 36.
Qe8 Qf4+ 37. Rg3 Rh1+ 38. Kxh1 Qxg3 39. Qe2+ Qg4 40. Qe7 Qxh4+ 41. Qxh4+ Kxh4 42. Kg1 cxb5 0-1

[Event "Early-Titled-Tuesday-Blitz-February-06-2024"]
[Site "Chess.com"]
[Date "2024.02.06"]
[Round "2"]
[White "SashaKuzhilniy"]
[Black "VitaliyBernadskiy"]
[Result "0-1"]
[WhiteElo "2611"]
[BlackElo "2908"]
[TimeControl "180+1"]
[EndTime "8:17:58 PST"]
[Termination "VitaliyBernadskiy won by resignation"]

1. d4 Nf6 2. Nf3 e6 3. Bf4 Be7 4. c3 Nh5 5. Bd2 d5 6. Ne5 Nf6 7. Bf4 O-O 8. e3 c5 9. Bd3 Nc6 10. Nd2 Nxe5 11. Bxe5 b6 12. Qf3 Bb7 13. Qh3 Ne4 14.
f3 Ng5 15. Qg3 f6 16. Bf4 Nf7 17. Qh3 f5 18. g4 Ng5 19. Bxg5 Bxg5 20. f4 Be7 21.
gxf5 exf5 22. Bxf5 g6 23. Rg1 Rf6 24. Nf3 cxd4 25.
cxd4 Bc8 26. Bxc8 Rxc8 27. Ne5 Rc2 28. Rg2 Qc7 29. Rxc2 Qxc2 30. Qd7 Qxb2 31. Qxe7 Qxa1+ 32. Kf2 Qxa2+ 33. Kf3 Rf5 34. Ng4 Qb1 35. Nh6+ Kh8 36. Qe8+ Kg7 37. Nxf5+ Qxf5 38. Qe7+ Kh6 39. Qxa7 Qh3+ 40.
Ke2 Qxh2+ 41. Kd3 Qb2 42. Qf7 Qb1+ 43. Kd2 Qf5 44. Qb7 Qe6 45. Qb8 Kh5 46. Qh8 h6 47.
Qe5+ Qxe5 48. fxe5 Kg5 49. Kd3 Kf5 0-1

[Event "Early-Titled-Tuesday-Blitz-February-06-2024"]
[Site "Chess.com"]
[Date "2024.02.06"]
[Round "2"]
[White "jlandaw"]
[Black "Viktor_Poddubnyi"]
[Result "0-1"]
[WhiteElo "2405"]
[BlackElo "2268"]
[TimeControl "180+1"]
[EndTime "8:17:58 PST"]
[Termination "Viktor_Poddubnyi won by checkmate"]

1. e4 g6 2. Nc3 Bg7 3. g3 c5 4. Bg2 Nc6 5. d3 Nf6 6. f4 d6 7. Nf3 O-O 8. O-O Rb8 9. a3 b5 10. Rb1 b4 11. axb4 cxb4 12. Na4 a5 13. Be3 Ba6 14.
h3 Ne8 15. Re1 Nc7 16. d4 e6 17. g4 Bb5 18. b3 Ba6 19. f5 exf5 20. exf5 Nd5 21.
Bf2 Nf4 22. d5 Nxg2 23. Kxg2 Ne5 24. Bh4 Qc7 25. f6 Nxf3 26. Kxf3 Bh8 27. Re7 Qc8 28. Qd2 Bb5 29. Rbe1 Qd8 30. Nb2 Qc8 31. Nd3 a4 32. bxa4 Bxa4 33. Nxb4 Qc4 34. c3 Bb5 35. R7e3 Ra8 36. Qf2 Ra2 37. Nxa2 Qxd5+ 38. Kg3 Bc6 39. Qf4 Qg2# 0-1

[Event "Early-Titled-Tuesday-Blitz-February-06-2024"]
[Site "Chess.com"]
[Date "2024.02.06"]
[Round "2"]
[White "ccccvhhhj"]
[Black "JaackCamel"]
[Result "1-0"]
[WhiteElo "2440"]
[BlackElo "2150"]
[TimeControl "180+1"]
[EndTime "8:17:58 PST"]
[Termination "ccccvhhhj won on time"]

1. d4 d5 2. Nc3 e6 3. Bf4 Bd6 4. Qd2 Nf6 5. f3 c5 6. Bxd6 Qxd6 7. e3 a6 8. O-O-O O-O 9. g4 Nc6 10. h4 b5 11. h5 Bb7 12. g5 Ne8 13. g6 e5 14.
gxh7+ Kh8 15. h6 g6 16. dxe5 Nxe5 17. Nxd5 Bxd5 18. Qxd5 Qxd5 19. Rxd5 Nc4 20. Bxc4 bxc4 21. Rxc5 Nd6 22. Ne2 Rfe8 23. e4 Kxh7 24. Nc3 Re6 25. Nd5 Ra7 26. c3 Rb7 27. Kc2 Ra7 28. Rc6 a5 29. a4 Rb7 30. Nc7 Re7 31. Nd5 Re6 32.
Ra6 Ne8 33. Rxa5 Nf6 34. Ne3 Reb6 35. Rb1 Kxh6 36. Nxc4 Rc6 37. b3 Kg7 38. Rg5 Nh7 39.
Rg2 Nf6 40. Na5 Rbb6 41. Nxc6 Rxc6 42. a5 Ra6 43. b4 Nd7 44. Rd2 Ne5 45. Kb3 Nxf3 46.
Rf2 Ne5 47. Ka4 Nd3 48. Rff1 Ne5 49. b5 Ra8 50. a6 Nc4 51. Kb4 Nd2 52. Ka5 Nxe4 53. b6 Nxc3 54. a7 Nd5 55. Ka6 Re8 56. b7 Re6+ 57. Ka5 Nc3 58. b8=Q 1-0

[Event "Early-Titled-Tuesday-Blitz-February-06-2024"]
[Site "Chess.com"]
[Date "2024.02.06"]
[Round "2"]
[White "klimkoj"]
[Black "Kostya0705"]
[Result "1-0"]
[WhiteElo "2932"]
[BlackElo "2616"]
[TimeControl "180+1"]
[EndTime "8:17:59 PST"]
[Termination "klimkoj won by resignation"]

1. Nf3 Nf6 2. c4 e6 3. Nc3 d5 4. d4 dxc4 5. e3 a6 6. a4 c5 7. Bxc4 Nc6 8. O-O Be7 9. dxc5 Bxc5 10. Qe2 O-O 11. Nd2 b6 12. Nb3 Be7 13. e4 Bb7 14. Be3 Ne5 15. Rfd1 Qc7 16. Bd3 Nxd3 17. Rxd3 Rfd8 18.
Rxd8+ Rxd8 19. f3 Nd7 20. Rd1 Ne5 21. Rxd8+ Qxd8 22. Nd2 h6 23. Nc4 Nxc4 24. Qxc4 Qd6 25. Qd4 Qc6 26. Qxb6 Qxb6 27. Bxb6 f5 28. e5 Kf8 29.
Kf2 Ke8 30. Ke3 Kd7 31. Bd4 Kc6 32. Kd3 a5 33. Ke3 Bb4 34. g3 Ba6 35. Ne2 Bc4 36. Nc1 Kd5 37. b3 Ba6 38. Nd3 Bd2+ 39. Kxd2 Kxd4 40. Nb2 Kxe5 41. Kc3 Kd5 42. f4 g5 43. Nc4 Bxc4 44. bxc4+ Kc5 45. h3 gxf4 46. gxf4 h5 47. h4 Kd6 48. Kd4 e5+ 49. fxe5+ Ke6 50. c5 f4 51. c6 f3 52. Ke3 1-0

[Event "Early-Titled-Tuesday-Blitz-February-06-2024"]
[Site "Chess.com"]
[Date "2024.02.06"]
[Round "2"]
[White "sonicdravise"]
[Black "mitrabhaa"]
[Result "0-1"]
[WhiteElo "2613"]
[BlackElo "2915"]
[TimeControl "180+1"]
[EndTime "8:17:59 PST"]
[Termination "mitrabhaa won on time"]

1. Nf3 Nf6 2. b3 d5 3. e3 Bg4 4. Bb2 c6 5. Be2 Nbd7 6. O-O e6 7. d3 Bd6 8. Nbd2 h6 9. e4 e5 10. d4 exd4 11. e5 Bxf3 12. exf6 Bxe2 13. Qxe2+ Kf8 14.
fxg7+ Kxg7 15. Bxd4+ Nf6 16. Qf3 c5 17. Bb2 d4 18. Qxb7 Re8 19. Qf3 Qc7 20. h3 Re6 21. Qxa8 Bf4 22. Nc4 Ne4 23. Kh1 Qd7 24. Rad1 Re8 25.
Nb6 axb6 26. Qa4 b5 27. Qa6 Re6 28. Qa5 Rg6 29. b4 Bc7 30. Qa3 Qd6 31. f4 cxb4 32.
Qf3 Nc3 33. Rd3 Rf6 34. Qg4+ Kh7 35. Qf3 Qc5 36. Qg4 Qc4 37. Kg1 Qxa2 38. Bc1 Qxc2 0-1

[Event "Early-Titled-Tuesday-Blitz-February-06-2024"]
[Site "Chess.com"]
[Date "2024.02.06"]
[Round "2"]
[White "MFatigue"]
[Black "Arifarsky"]
[Result "0-1"]
[WhiteElo "2441"]
[BlackElo "2706"]
[TimeControl "180+1"]
[EndTime "8:17:59 PST"]
[Termination "Arifarsky won by resignation"]

1. e4 e5 2. Nf3 Nc6 3. d4 exd4 4. Bc4 Nf6 5. O-O Nxe4 6. Re1 d5 7. Bxd5 Qxd5 8. Nc3 Qd8 9. Rxe4+ Be7 10. Nxd4 O-O 11. Nxc6 bxc6 12. Rd4 Qe8 13. Bf4 c5 14. Rd3 c6 15. Re3 Be6 16. Qf3 Qc8 17. h3 Re8 18. Be5 Bf8 19. Rd1 Bf5 20. Rd2 Bg6 21. Bd6 Rxe3 22. Qxe3 c4 23. Qc5 Qe6 24. Bxf8 Qe1+ 25.
Kh2 Qxd2 26. Bd6 Qxc2 27. Qxc6 Rd8 28. Nd5 Qd3 29. Nf4 Qxd6 30. Qxc4 Bf5 31. g3 Be6 32. Qa4 g6 33. Qxa7 Qe5 34. b3 Re8 35. Qe3 Qxe3 36.
fxe3 Ra8 37. a4 Bxb3 38. g4 Rxa4 39. Kg3 Rxf4 40. exf4 Kg7 41. h4 f5 42. gxf5 gxf5 43.
Kf3 Kg6 44. Kg3 Kh5 45. Kh3 Bd1 46. Kg3 Bg4 0-1

[Event "Early-Titled-Tuesday-Blitz-February-06-2024"]
[Site "Chess.com"]
[Date "2024.02.06"]
[Round "2"]
[White "erugee"]
[Black "themind1hunter"]
[Result "0-1"]
[WhiteElo "2337"]
[BlackElo "2533"]
[TimeControl "180+1"]
[EndTime "8:17:59 PST"]
[Termination "themind1hunter won on time"]

1. e4 c5 2. Nf3 d6 3. d3 Nf6 4.
Nbd2 g6 5. g3 Bg7 6. Bg2 O-O 7.
O-O b5 8. Re1 Bb7 9. h4 Nc6 10.
Nf1 Nd7 11. Rb1 Nce5 12. Ng5 h6 13. Nh3 f5 14. Nh2 fxe4 15. Bxe4 Bxe4 16. dxe4 Nf6 17. f4 Nc6 18. c3 Qd7 19. Nf2 Nh5 20. Be3 Nxg3 21. Kg2 Nh5 22. Nh3 Kh7 23. Qg4 Qxg4+ 24. Nxg4 Nf6 25. Ngf2 e5 26. Rbd1 Rad8 27. f5 gxf5 28.
exf5 c4 29. Ng5+ hxg5 30. hxg5 Ne8 31. Rh1+ Kg8 32. f6 Nxf6 33. gxf6 Bxf6 34. Ng4 Ne7 35. Rh6 Kg7 36. Rdh1 Nf5 37. Rh7+ Kg6 38. Bd2 Bg5 39.
Bxg5 Kxg5 40. Nh2 e4 41. Nf1 d5 42. R1h5+ Kf4 43. Kf2 d4 0-1

[Event "Early-Titled-Tuesday-Blitz-February-06-2024"]
[Site "Chess.com"]
[Date "2024.02.06"]
[Round "2"]
[White "PapaieDudu"]
[Black "SmirnovTimofey2000"]
[Result "1-0"]
[WhiteElo "2415"]
[BlackElo "1974"]
[TimeControl "180+1"]
[EndTime "8:17:59 PST"]
[Termination "PapaieDudu won on time"]

1. e4 e5 2. Nf3 Nf6 3. Bd3 Nc6 4.
c3 Bc5 5. a4 a6 6. Na3 O-O 7. O-O d6 8. h3 h6 9. Nc2 Nh7 10. Ne3 Ng5 11. Nh2 f5 12. exf5 e4 13. Bc4+ Kh8 14. b4 Ba7 15. h4 Nf7 16. Qg4 Nce5 17.
Qxe4 Nxc4 18. Qxc4 Ne5 19. Qe4 Bxe3 20. fxe3 Qf6 21.
d4 Nc4 22. Qd3 d5 23. e4 c6 24. g3 Bd7 25. Ng4 Qd6 26. e5 Qc7 27. Ra2 Qc8 28.
Raf2 Qc7 29. e6 Be8 30. Bf4 Qd8 31.
Ne5 Bh5 32. g4 Be8 33. g5 Nxe5 34. dxe5 h5 35. f6 g6 36. e7 Qd7 37. Qg3 Rf7 38. Re2 Rc8 39. e6 1-0

[Event "Early-Titled-Tuesday-Blitz-February-06-2024"]
[Site "Chess.com"]
[Date "2024.02.06"]
[Round "2"]
[White "MatthewG-p4p"]
[Black "Arigu07"]
[Result "1-0"]
[WhiteElo "2816"]
[BlackElo "2565"]
[TimeControl "180+1"]
[EndTime "8:18:00 PST"]
[Termination "MatthewG-p4p won by resignation"]

1. f4 e5 2. fxe5 d6 3. Nf3 Nc6 4. e4 dxe5 5. Bc4 Bc5 6. Qe2 Bg4 7. c3 Nf6 8. Bxf7+ Kxf7 9. Qc4+ Kg6 10. Qxc5 Nxe4 11.
Qe3 Bxf3 12. Qxf3 Nf6 13. O-O Qd5 14. Qf5+ Kf7 15. d4 Rae8 16. Bg5 Qe6 17. Qxe6+ Kxe6 18. dxe5 Nxe5 19. Nd2 Rhf8 20. Nb3 Kd7 21. Nd4 Kc8 22.
a4 Nd3 23. Rab1 Ne4 24. Rxf8 Rxf8 25. Be3 Re8 26. Nc2 a5 27. Bd4 g5 28. b4 axb4 29.
cxb4 Nf4 30. Re1 Kd7 31. a5 Nd6 32. Rxe8 Nxe8 33. b5 Nd6 34. a6 bxa6 35. bxa6 Kc8 36. Kf2 Ne6 37. Be3 c5 38. Kf3 h5 39. Ne1 Kc7 40.
Nd3 Kb6 41. Nxc5 g4+ 42. Ke2 Nc7 43. Ne6+ Kxa6 44. Nxc7+ Kb7 45. Nd5 Kc6 46. Nf6 g3 47. h3 h4 48. Bg5 Nf5 49. Kf3 Kd6 50. Kg4 Ke6 51. Ne4 Ke5 52. Nd2 Ke6 53. Nf3 Nd6 54. Nxh4 Ne4 55. Bf4 1-0

[Event "Early-Titled-Tuesday-Blitz-February-06-2024"]
[Site "Chess.com"]
[Date "2024.02.06"]
[Round "2"]
[White "Lanshou"]
[Black "volkanyirik"]
[Result "1-0"]
[WhiteElo "2711"]
[BlackElo "2443"]
[TimeControl "180+1"]
[EndTime "8:18:00 PST"]
[Termination "Lanshou won by resignation"]

1. e4 c5 2. Nf3 d6 3. d4 cxd4 4. Nxd4 Nf6 5. Bd3 g6 6. c4 Bg7 7. h3 O-O 8. Be3 Nc6 9. Nc3 e6 10. O-O d5 11. exd5 exd5 12. Nxc6 bxc6 13. Bd4 Be6 14.
cxd5 Nxd5 15. Bxg7 Kxg7 16. Qc1 Qf6 17. Ne4 Qd4 18.
Rd1 Rac8 19. Nc5 Nf4 20. Bf1 Qf6 21. Ne4 Qe5 22. Qe3 Bd5 23. Nc3 Rfe8 24. Qxe5+ Rxe5 25. Rd4 Ne6 26. Ra4 Rc7 27. Rc1 Rd7 28. b3 h6 29.
Ra5 f6 30. Rd1 Nd8 31. Bc4 Ne6 32. Bxd5 cxd5 33. Rdxd5 Rexd5 34. Rxd5 Rc7 35. Nb5 Rb7 36. g3 f5 37. Kg2 Kf6 38. Nd6 Rb6 39. Nc4 Rb7 40.
h4 g5 41. hxg5+ hxg5 42. Nd6 Rb6 43. Rxf5+ Kg6 44. Rd5 Kf6 45. Nc4 Rc6 46. a4 Nc5 47. Nd2 Ke6 48. Rxg5 Kf6 49. Rxc5 Rxc5 50. Ne4+ Ke5 51.
Nxc5 Kd4 52. b4 Kc4 53. Na6 1-0